 Dungeon Crawl Stone Soup version 0.31.0-32-g396128a36d (webtiles) character file.

Game seed: 14196633821388661946

546 porpoise the Poker (level 7, 55/55 HPs)
             Began as a Demonspawn Gladiator on Mar 22, 2024.
             Quit the game in the Ecumenical Temple.
             The game lasted 00:06:56 (3195 turns).

porpoise the Poker (Demonspawn Gladiator)           Turns: 3195, Time: 00:06:57

Health: 55/55      AC: 11    Str: 16    XL:     7   Next: 6%
Magic:  7/7        EV: 11    Int:  9    God:
Gold:   198        SH:  4    Dex: 14    Spells: 6/6 levels left

rFire   . . .        a - +0 trident
rCold   . . .        (no shield)
rNeg    . . .        t - +0 ring mail
rPois   .            c - +0 helmet
rElec   .            (no cloak)
rCorr   .            (no gloves)
SInv    .            j - +2 pair of boots
Will    .....        (no amulet)
Stlth   +            n - ring of flight
HPRegen 0.29/turn    (no ring)
MPRegen 0.10/turn

%: no passive effects
@: flying
A: icy blue scales 1, condensation shield, demonic touch 1
a: no special abilities


You were in the Ecumenical Temple.
You visited 2 branches of the dungeon, and saw 5 of its levels.

You collected 198 gold pieces.

Inventory:

Hand Weapons
 a - a +0 trident (weapon)
Missiles
 d - 3 throwing nets (quivered)
 e - a javelin
 f - 2 boomerangs
 r - 14 poisoned darts
Armour
 c - a +0 helmet (worn)
 j - a +2 pair of boots (worn)
 t - a +0 ring mail (worn)
 v - the +2 leather armour of Generosity {rCorr Int-4 Stlth+}
   (You found it on level 3 of the Dungeon)

   Int-4:     It affects your intelligence (-4).
   rCorr:     It protects you from acid and corrosion.
   Stlth+:    It makes you more stealthy.
Jewellery
 n - a ring of flight (left hand)
Wands
 w - a wand of flame (20)
Scrolls
 b - a scroll of teleportation {unknown}
 g - a scroll of poison {unknown}
 h - a scroll of vulnerability {unknown}
 l - a scroll of noise
 o - a scroll of fear {unknown}
 p - 3 scrolls of identify {unknown}
 u - a scroll of fog {unknown}
Potions
 i - a potion of curing {unknown}
 k - 4 potions of haste {unknown}
 m - 2 potions of brilliance {unknown}
 q - a potion of heal wounds {unknown}
 s - a potion of mutation {unknown}


   Skills:
 + Level 4.7 Fighting
 * Level 6.2 Polearms
 - Level 1.7 Throwing
 - Level 2.6 Dodging


You had 6 spell levels left.
You didn't know any spells.
Your spell library contained the following spells:

 Spells                   Type           Power      Damage    Failure   Level
 Foxfire                  Conj/Fire      0%         2x1d4     61%         1
 Freeze                   Ice            0%         1d3       61%         1
 Call Canine Familiar     Summ           0%         N/A       93%         3
 Frozen Ramparts          Ice            0%         1d1       93%         3
 Hailstorm                Conj/Ice       0%         3d5       93%         3
 Sigil of Binding         Hex            0%         N/A       93%         3
 Summon Ice Beast         Ice/Summ       0%         N/A       93%         3
 Dimensional Bullseye     Hex/Tloc       0%         N/A       100%        4
 Plasma Beam              Fire/Air       0%         2x1d10    100%        6
 Sculpt Simulacrum        Ice/Alch       0%         N/A       100%        6
 Starburst                Conj/Fire      0%         6d3       100%        6


Dungeon Overview and Level Annotations

Branches:
Dungeon (4/15)             Temple (1/1) D:4

Altars:
Ashenzari
Cheibriados
Fedhas
Gozag
Hepliaklqana
Kikubaaqudgha
Makhleb
Okawaru
Qazlal
Ru
Sif Muna
Trog
Uskayaw
Vehumet
Wu Jian
Xom
Yredelemnul


Innate Abilities, Weirdness & Mutations

You are partially covered in icy blue scales. (AC +2)
A meltable shield of frost defends you. (SH +4)
Your touch may inflict minor irresistible damage on your foes.


Message History

You reach to attack!
You hit the iguana.
The iguana is moderately wounded.
You puncture the iguana!
The iguana is almost dead.
The iguana barely misses you.
You barely miss the iguana.
The iguana is almost dead.
The iguana misses you.
You hit the iguana but do no damage. Your touch misses the iguana.
The iguana is almost dead.
You block the iguana's attack.
You hit the iguana but do no damage.
The iguana is almost dead.
The iguana barely misses you.
You puncture the iguana!
You kill the iguana!
r - 14 poisoned darts (gained 7)
Items here: ))) [[ ÷.
Things that are here:
a +0 club; an orc skeleton You now have 182 gold pieces (gained 11).
You see here a hobgoblin corpse.
Found a scale mail.
Found a stone staircase leading down.
Found a staircase to the Ecumenical Temple.
You now have 198 gold pieces (gained 16).
An endoplasm comes into view.
The endoplasm quivers.
The endoplasm moves out of view.
There is a staircase to the Ecumenical Temple here.
You fly downwards.
Welcome to the Ecumenical Temple!
Found a staircase back to the Dungeon.
There is a staircase back to the Dungeon here.
Done exploring.
Search for what [Enter for "ring", or ? for help]? yred
There is a basalt altar of Yredelemnul here.
You hover solemnly before the altar of Yredelemnul.
Unknown command.
Press < or > to pray at altars.
Are you sure you want to abandon this character and quit the game? (Confirm with "yes".)

## ####### ####### ≈# #≈≈≈≈≈#
#≈≈≈≈≈#
.####.....####.....#########
...................##≈≈≈≈≈≈#
......._........@..##.....≈#
..........................≈#
.####.....####........._..≈#
## ##...## ##...........≈# ##
#...# ##...###.....≈# .##
##...## ##.....###...###
.≈###.....###≈.....≈##...#####
...#.......#.........#......≈#
............................≈#


There were no monsters in sight!

Vanquished Creatures
  2 black bears (D:4)
  An ice beast (D:3)
  A howler monkey (D:3)
  A jelly (D:3)
  An orc priest (D:4)
  2 iguanas (D:4)
  A gnoll (D:1)
  4 adders
  A dart slug (D:1)
  4 orcs
  5 endoplasms
  2 giant cockroaches
  6 hobgoblins
  7 jackals
  8 kobolds
  6 quokkas
  6 ball pythons
  6 bats
  2 frilled lizards
  8 goblins
  4 rats
78 creatures vanquished.

Notes
Turn   | Place    | Note
-------+----------+-------------------------------------------
     0 | D:1      | porpoise the Demonspawn Gladiator began the quest for the
                  | Orb.
     0 | D:1      | Reached XP level 1. HP: 16/16 MP: 1/1
   226 | D:1      | Reached skill level 3 in Polearms
   301 | D:1      | Gained mutation: A meltable shield of frost defends you.
                  | (SH +4) [demonic ancestry]
   301 | D:1      | Reached XP level 2. HP: 22/22 MP: 2/2
   862 | D:2      | Gained mutation: You are partially covered in icy blue
                  | scales. (AC +2) [demonic ancestry]
   862 | D:2      | Reached XP level 3. HP: 28/28 MP: 3/3
   969 | D:2      | Found a faded altar of an unknown god.
  1808 | D:3      | Noticed an ice beast
  1811 | D:3      | Reached XP level 4. HP: 34/34 MP: 4/4
  1813 | D:3      | Reached skill level 4 in Polearms
  1836 | D:3      | Killed an ice beast
  1837 | D:3      | Gained mutation: Your touch may inflict minor irresistible
                  | damage on your foes. [demonic ancestry]
  1837 | D:3      | Reached XP level 5. HP: 25/41 MP: 5/5
  1906 | D:3      | Identified the +2 leather armour of Generosity {rCorr Int-4
                  | Stlth+}
  2373 | D:3      | Reached skill level 5 in Polearms
  2539 | D:4      | Noticed a black bear
  2646 | D:3      | Reached XP level 6. HP: 46/48 MP: 6/6
  2980 | D:4      | Reached skill level 6 in Polearms
  2980 | D:4      | Reached XP level 7. HP: 33/55 MP: 7/7
  3163 | D:4      | Found a staircase to the Ecumenical Temple.
  3176 | Temple   | Entered the Ecumenical Temple
  3195 | Temple   | Quit the game

Illustrated notes

Levels and vault maps discovered:
D:1:      matt_arrival_spirals, layout_basic
D:2:      layout_rooms, ebering_ecumenical_altar_sacrificial
D:3:      layout_loops_corners, minmay_crystal_water, kennysheep_generic_room_9
D:4:      layout_cave_pools, minmay_temple_entry_large_hall,
          gammafunk_ghost_grave
Temple:   nicolae_temple_slightly_damp_pantheon

Skill      XL: |  1  2  3  4  5  6 |
---------------+-------------------+-----
Polearms       | 3 4 5 6 |  6.2
Fighting       | 3 4 |  4.7
Throwing       | |  1.7
Dodging        | |  2.6

Action                     |  1- 3 |  4- 6 |  7- 9 || total
---------------------------+-------+-------+-------++-------
  Melee: Trident           |   126 |   126 |     7 ||   259
         Punch             |     1 |     2 |       ||     3
         Touch             |       |    14 |       ||    14
    Use: Scroll            |       |     1 |       ||     1
   Stab: Distracted        |       |     1 |       ||     1
 Armour: Leather armour    |    45 |       |       ||    45
         Ring mail         |    10 |    79 |       ||    89
  Dodge: Dodged            |    51 |    67 |     3 ||   121
  Block: Other             |    17 |    28 |     1 ||    46
